AoeStats
← rodcamu

Hideout

509662054Analyzed
1v1 RM · 5d ago on Sep 27, 2026· 44m 44s· 2 players
Game mode
Random Map
Map size
Tiny (2 player)
Population
200
Speed
Normal
Resources
Standard
Victory
Conquest
Starting age
Dark Age
Ending age
Imperial Age
RankedLock teamsTeams togetherTeam positionsShared explorationLock speedFull tech treeHidden civsTurbo modeCheats
Victory
Defeat
🇸🇦 Japanese · Saudi Arabia
917
+15
🇪🇸 Goths · Spain
899
-15
rodcamu
3:52 Loom
12:35 Feudal Age
17:00 Castle Age
14:51 Double-Bit Axe
14:57 Horse Collar
16:27 Scale Mail Armor
17:51 Squires
17:12 Pikeman
17:12 Man-at-Arms
19:28 Long Swordsman
21:06 Bow Saw
21:30 Heavy Plow
21:57 Town Watch
24:21 Wheelbarrow
25:53 Forging
25:55 Town Patrol
27:21 Gold Mining
33:15 Imperial Age
31:39 Hand Cart
31:46 Hand Cart
31:58 Chain Mail Armor
31:33 Treadmill Crane
32:06 Masonry
31:55 Murder Holes
33:38 Anarchy
35:04 Iron Casting
35:33 Chemistry
34:54 Capped Ram
36:59 Blast Furnace
36:11 Halberdier
36:12 Two-Handed Swordsman
37:16 Conscription
39:52 Elite Huskarl
40:15 Champion
41:18 Perfusion
43:51 Fletching
43:44 Onager
Harpy Eagle
2:35 Loom
10:19 Feudal Age
16:06 Castle Age
15:39 Double-Bit Axe
18:36 Wheelbarrow
18:13 Horse Collar
20:44 Town Watch
22:07 Squires
23:16 Stone Mining
24:54 Hand Cart
24:50 Gold Mining
27:27 Murder Holes
28:54 Bow Saw
28:49 Heavy Plow
29:26 Gold Shaft Mining
29:09 Guard Tower
32:47 Imperial Age
30:43 Ballistics
30:35 Fletching
30:58 Fortified Wall
31:05 Treadmill Crane
31:56 Yasama
31:59 Bodkin Arrow
32:18 Forging
32:08 Scale Mail Armor
32:46 Town Patrol
34:28 Iron Casting
33:17 Light Cavalry
33:57 Husbandry
34:08 Bloodlines
34:34 Conscription
35:11 Keep
34:46 Elite Samurai
36:14 Kataparuto
37:02 Blast Furnace
36:36 Chain Mail Armor
38:41 Chemistry
37:46 Siege Engineers
38:47 Two-Man Saw
38:54 Bracer
39:35 Plate Mail Armor
39:18 Padded Archer Armor
39:12 Arson
Connection lost

Rejoining the realm…

Still unreachable

The connection could not be restored.

Session expired

The server has moved on; the page needs a fresh start.